Map: Catalyst LE

Players

LiquidTLO (TLO)

  • Race: Zerg Zerg
  • Spawn Location: 11:00

Serral - Winner!

  • Race: Zerg Zerg
  • Spawn Location: 5:00

Event: WCS Austin 2018

VOD

Have the link to the VOD?

Description

Time

  • Played on: June 1, 2018, 9:51 p.m.
  • Length: 5:46

All games in this series

Show
View Real Time Build Order
Export as new Build Order

LiquidTLO Zerg 

Build Orders: Hatch First 

Get SALT Encoding   

  12  0:00  Drone  
  13  0:08  Drone  
  14  0:17  Overlord  
  14  0:35  Drone x2  
  16  0:49  Hatchery  
  15  0:55  Drone  
  15  0:56  Drone  
  17  1:11  Spawning Pool  
  16  1:13  Drone  
  16  1:17  Drone  
  18  1:18  Extractor  
  18  1:22  Drone  
  18  1:29  Drone  
  19  1:40  Drone  
  20  1:50  Drone  
  21  2:00  Queen x2  
  25  2:01  Drone x2  
  27  2:11  Overlord  
  27  2:14  Drone  
  28  2:18  Metabolic Boost  
  29  2:30  Zergling x4  
  29  2:33  Zergling x2  
  31  2:38  Hatchery  
  30  2:47  Baneling Nest  
  30  2:48  Overlord  
  29  2:51  Drone  
  29  2:55  Drone  
  29  2:56  Drone  
  32  3:01  Drone  
  33  3:08  Drone  
  33  3:09  Drone  
  33  3:11  Drone  
  36  3:13  Drone  
  36  3:14  Drone x2  
  36  3:18  Zergling x2  
  40  3:22  Overlord  
  40  3:23  Drone  
  40  3:26  Drone  
  42  3:32  Extractor  
  41  3:35  Drone, Queen  
  41  3:37  Baneling x2  
  44  3:43  Drone x2  
  44  3:46  Drone  
  44  3:47  Drone  
  44  3:48  Drone  
  49  3:49  Evolution Chamber  
  49  3:51  Drone  
  49  3:52  Drone  
  49  3:54  Drone  
  50  3:57  Queen  
  50  4:02  Drone  
  53  4:03  Drone  
  53  4:05  Overlord  
  54  4:11  Overlord  
  54  4:12  Drone  
  54  4:16  Drone  
  55  4:17  Baneling  
  55  4:19  Drone  
  55  4:21  Overlord  
  56  4:24  Drone  
  56  4:25  Baneling  
  56  4:26  Drone  
  56  4:27  Drone  
  56  4:30  Lair  
  59  4:32  Zergling x4  
  59  4:35  Drone  
  59  4:36  Zergling x2  
  62  4:39  Zergling x2  
  62  4:43  Zergling x2  
  62  4:44  Drone  
  65  4:48  Roach Warren  
  65  4:49  Extractor x2  
  65  4:51  Zergling x4  
  65  4:53  Drone  
  65  4:55  Roach Warren  
  65  4:56  Drone  
  65  4:57  Overlord  
  65  4:59  Extractor  
  65  5:00  Baneling  
  65  5:03  Drone  
  65  5:04  Overlord, Drone  
  65  5:06  Overlord  
  66  5:07  Zergling x2  
  66  5:09  Zergling x4  
  66  5:10  Baneling x2  
  66  5:11  Zergling x2  
  66  5:12  Zergling x2  
  66  5:14  Drone  
  72  5:17  Zergling x2  
  69  5:22  Zergling x2  
  69  5:23  Zergling x2  
  69  5:26  Zergling x2  
  69  5:27  Zergling x2  
  69  5:28  Zergling x2  
Show
View Real Time Build Order
Export as new Build Order

Serral Zerg - Winner!

Build Orders: Hatch First, Zergling Baneling 

Get SALT Encoding   

  12  0:00  Drone  
  13  0:13  Overlord  
  13  0:17  Drone  
  14  0:31  Drone x2  
  16  0:48  Hatchery  
  15  0:51  Drone  
  15  0:55  Drone  
  17  1:09  Spawning Pool  
  17  1:10  Extractor  
  15  1:14  Drone  
  15  1:17  Drone  
  17  1:20  Drone  
  18  1:29  Drone  
  19  1:41  Overlord  
  19  1:50  Drone  
  20  1:56  Queen  
  20  1:59  Queen  
  20  2:00  Zergling x2  
  25  2:02  Drone  
  26  2:10  Metabolic Boost  
  26  2:11  Drone  
  26  2:14  Drone  
  28  2:22  Drone  
  29  2:23  Drone  
  30  2:37  Hatchery  
  30  2:39  Drone  
  30  2:43  Baneling Nest  
  29  2:46  Drone  
  29  2:51  Overlord  
  30  2:54  Drone  
  30  2:56  Zergling x2  
  32  2:59  Zergling x2  
  32  3:04  Zergling x4  
  35  3:06  Drone  
  35  3:10  Overlord  
  35  3:12  Drone  
  37  3:14  Drone  
  37  3:17  Drone  
  40  3:20  Drone  
  40  3:22  Drone  
  41  3:29  Baneling x2  
  41  3:31  Zergling x2  
  41  3:32  Drone  
  43  3:35  Queen  
  43  3:40  Evolution Chamber  
  44  3:42  Overlord  
  44  3:43  Drone  
  44  3:46  Zergling x2  
  46  3:49  Zergling x2  
  46  3:51  Drone x2  
  46  3:54  Drone  
  46  3:55  Drone  
  50  4:00  Zergling x2  
  50  4:01  Overlord  
  50  4:02  Drone  
  52  4:03  Drone  
  53  4:11  Drone x2  
  53  4:14  Drone x2  
  58  4:17  Drone  
  58  4:23  Roach Warren  
  56  4:29  Extractor  
  55  4:32  Extractor  
  55  4:36  Drone x2  
  55  4:40  Zergling x14  
  61  4:47  Zergling x14  
  61  4:51  Overlord  
  68  4:56  Baneling x8  
  68  4:59  Overlord  
  68  5:05  Zergling x6  
  68  5:07  Zergling x2  
  71  5:08  Zergling x2  
  71  5:11  Zergling x2  
  72  5:16  Zergling x10  
  72  5:18  Zergling x2  
  75  5:21  Zergling x2  
  75  5:26  Zergling x4  
  75  5:27  Zergling x2  
  75  5:28  Zergling x2  
Tags
 
Add a new tag
Caveats
  • Supply blocks, unpowered buildings, or Contaminate may cause inaccurate times.
  • Supply counts are checked every 10 seconds.